 Dungeon Crawl Stone Soup version 0.18.1-8-gdd0e5ea (webtiles) character file.

169 zeroDi the Cutter (level 5, 0/26 HPs)
             Began as a Vine Stalker Assassin on May 29, 2016.
             Slain by an orc wizard
             ... wielding a +0 dagger
              (4 damage)
             ... on level 3 of the Dungeon.
             The game lasted 00:03:52 (2026 turns).

zeroDi the Cutter (Vine Stalker Assassin)           Turns: 2026, Time: 00:03:53

Health: 0/26       AC:  3    Str: 13    XL:     5   Next: 50%
Magic:  0/6        EV: 11    Int: 11    God:
Gold:   59         SH:  0    Dex: 17    Spells: 0 memorised, 4 levels left

rFire  . . .     SeeInvis .     a - +2 dagger
rCold  . . .     Gourm    .     c - +0 robe
rNeg   . . .     Faith    .     (no shield)
rPois  .         Spirit   +     (no helmet)
rElec  .         Dismiss  .     d - +0 cloak
rCorr  .         Reflect  .     (no gloves)
SustAt .         Harm     .     (no boots)
MR     .....                    (no amulet)
Stlth  +++.......               (no ring)
                                (no ring)

@: not resistant to hostile enchantments, fairly stealthy
A: fangs 2, regeneration 1, magic shield, antimagic bite, no device heal 3, rot
immunity
a: no special abilities


You were on level 3 of the Dungeon.
You were hungry.

You visited 1 branch of the dungeon, and saw 3 of its levels.

You collected 59 gold pieces.


Innate Abilities, Weirdness & Mutations

You have extremely sharp teeth.
Your natural rate of healing is unusually fast.
When hurt, damage is shared between your health and your magic reserves.
Your bite disrupts and absorbs the magic of your enemies.
Potions and wands cannot restore your health.
You are immune to rotting.


   Skills:
 - Level 1.7 Fighting
 + Level 5.0 Short Blades
 - Level 1.7 Throwing
 - Level 0.7 Dodging
 - Level 4.8 Stealth


You had 4 spell levels left.
You didn't know any spells.

Inventory:

Hand Weapons
 a - a +2 dagger (weapon)
 b - a +0 blowgun
 p - a +1 vampiric short sword
Missiles
 e - 49 poisoned needles
 f - 2 curare-tipped needles {=f}
Armour
 c - a +0 robe (worn)
 d - a +0 cloak (worn)
Jewellery
 t - an uncursed ring of sustain attributes {unknown}
Wands
 w - a wand of slowing (26/48)
Scrolls
 i - a scroll of identify {unknown}
 j - a scroll of fog {unknown}
 k - a scroll of remove curse {unknown}
 l - 2 scrolls of noise {unknown}
 n - 2 scrolls of random uselessness {unknown}
 o - a scroll of enchant armour {unknown}
 q - a scroll of recharging {unknown}
 v - a scroll of teleportation {unknown}
Potions
 h - a potion of flight {unknown}
 m - a potion of berserk rage {unknown}
Comestibles
 g - 3 bread rations
 r - a meat ration
 s - a slice of pizza
 x - a chunk of flesh

Dungeon Overview and Level Annotations

Branches:
Dungeon (3/15)

Altars:
Ashenzari

.(... ##.(.. +.. #.... ## #...
#(S. .. #... #g. ........# #
#... #o# #.......#.....#
#...#+##.# #..)....#.....#
#......(.####.......#.....#
####.....o@.........#.....)
.#.####..#######.......#....##
.........)...##........#......
.#.####.####.##........#..).#.
...# #...............).#.
###.# #..##............... #.#
#.....)......###.... ..#
#.###........# #.... #.# #.
#........# #....


You could see an orc wizard.


Message History

The orc priest is heavily wounded.
The orc priest barely misses you.
You hit the orc priest.
You bite the orc priest, but do no damage.
The orc priest is severely wounded.
You hit the orc priest. You bite the orc priest. You drain its power.
The orc priest is almost dead.
The orc priest invokes the aid of Beogh against you.
Beogh smites you!
* * * LOW HITPOINT WARNING * * *
You hit the orc priest.
You kill the orc priest!
Your Short Blades skill increases to level 5!
You hit the orc wizard but do no damage.
You bite the orc wizard.
The orc wizard's magic leaks into the air.
You drain its magic.
You feel invigorated.
The orc wizard is severely wounded.
The orc wizard hits you with a dagger.
You die...

Action                   |  1- 3 |  4- 6 || total
-------------------------+-------+-------++-------
Melee: Dagger            |    56 |   100 ||   156
       Bite              |    14 |    29 ||    43
 Fire: Blowgun           |     2 |       ||     2
Throw: Tomahawk          |       |     4 ||     4
 Stab: Sleeping          |     5 |     4 ||     9
       Distracted        |       |     2 ||     2
  Eat: Chunk             |       |     3 ||     3
Armor: Robe              |     8 |    11 ||    19
Dodge: Dodged            |    23 |    34 ||    57

Vault maps used:
D:1:      dpeg_arrival_renting, ashenzari_altar_1
D:3:      lemuel_doored_altar, first_bread

Notes
Turn   | Place    | Note
--------------------------------------------------------------
     0 | D:1      | zeroDi the Vine Stalker Assassin began the quest for the Orb.
     0 | D:1      | Reached XP level 1. HP: 11/11 MP: 2/2
    38 | D:1      | Reached skill level 2 in Short Blades
   211 | D:1      | Reached XP level 2. HP: 15/15 MP: 3/3
   341 | D:1      | Found a shattered altar of Ashenzari.
   495 | D:2      | Reached skill level 3 in Short Blades
   495 | D:2      | Reached XP level 3. HP: 9/18 MP: 4/4
   708 | D:2      | Reached XP level 4. HP: 10/23 MP: 5/5
  1009 | D:2      | Reached skill level 4 in Short Blades
  1537 | D:3      | HP: 2/23 [gnoll/flail (9)]
  1826 | D:3      | Reached XP level 5. HP: 17/26 MP: 4/6
  2025 | D:3      | Reached skill level 5 in Short Blades
  2026 | D:3      | Slain by an orc wizard

Vanquished Creatures
  An orc priest (D:3)
  A gnoll (D:2)
  8 adders
  An ooze (D:2)
  A worm (D:3)
  A dart slug (D:1)
  2 giant geckos
  3 orcs (D:3)
  5 goblins
  8 hobgoblins
  6 bats
  3 giant newts
  4 kobolds
  5 rats
49 creatures vanquished.
